 Dungeon Crawl Stone Soup version 0.23-a0-550-g7de1f8e (webtiles) character file.

82 Lavandula the Cutter (level 4, 0/27 HPs)
             Began as a Halfling Enchanter on Dec 8, 2018.
             Slain by Blork the orc
             ... wielding a +0 dire flail
              (16 damage)
             ... on level 4 of the Dungeon.
             The game lasted 00:02:17 (581 turns).

Lavandula the Cutter (Halfling Enchanter)            Turns: 581, Time: 00:02:18

Health: 0/27       AC:  2    Str:  9    XL:     4   Next: 70%
Magic:  6/6        EV: 15    Int: 14    God:
Gold:   27         SH:  0    Dex: 14    Spells: 3/6 levels left

rFire    . . .     SeeInvis .   a - +1 dagger
rCold    . . .     Gourm    .   (shield restricted)
rNeg     . . .     Faith    .   b - +0 robe
rPois    .         Spirit   .   (no helmet)
rElec    .         Reflect  .   (no cloak)
rCorr    .         Harm     .   (no gloves)
MR       .....                  (no boots)
Stlth    ++........             (no amulet)
HPRegen  0.09/turn              (no ring)
MPRegen  0.10/turn              (no ring)

@: no status effects
A: small, mutation resistance 1
a: no special abilities


You were on level 4 of the Dungeon.
You were not hungry.

You visited 1 branch of the dungeon, and saw 4 of its levels.

You collected 27 gold pieces.

Inventory:

Hand Weapons
 a - a +1 dagger (weapon)
Missiles
 l - 17 sling bullets
Armour
 b - a +0 robe (worn)
Wands
 i - a wand of flame (23)
Scrolls
 c - a scroll of remove curse {unknown}
 g - 2 scrolls of identify {unknown}
 h - a scroll of random uselessness {unknown}
Potions
 e - a potion of magic {unknown}
 f - a potion of haste {unknown}
 k - a potion of mutation {unknown}
Comestibles
 d - 3 rations
 j - 2 chunks of flesh


   Skills:
 + Level 5.0 Short Blades
 - Level 2.1 Dodging
 - Level 3.2 Stealth
 - Level 1.5 Spellcasting
 - Level 2.4 Hexes


You had 3 spell levels left.
You knew the following spells:

 Your Spells              Type           Power        Failure   Level  Hunger
a - Corona                Hex            #......      10%         1    ##.....
b - Ensorcelled Hibernat  Hex/Ice        #.....       22%         2    ###....

Your spell library contained the following spells:

 Spells                   Type           Power        Failure   Level  Hunger
 Confuse                  Hex            #.......     28%         3    ####...
 Tukima's Dance           Hex            #.......     28%         3    ####...
 Dazzling Spray           Conj/Hex       #.....       41%         3    ####...


Dungeon Overview and Level Annotations

Branches:
Dungeon (4/15)
 Temple: D:4-7

Altars:

Annotations:
D:4 Blork the orc


Innate Abilities, Weirdness & Mutations

You are small and have problems with some larger weapons.
You are somewhat resistant to further mutation.


Message History

l - 17 sling bullets You now have 27 gold pieces (gained 4).
An adder comes into view.
Found a scroll labeled XUENGO EDEYGIZ.
You see here a scroll labeled XUENGO EDEYGIZ.
The helpless adder fails to defend itself.
You impale the adder!!
You kill the adder!
Your Short Blades skill increases to level 5!
g - 2 scrolls labeled XUENGO EDEYGIZ (gained 1)
There is a stone staircase leading down here.
You climb downwards.
A ball python, a worm, a giant cockroach and Blork the orc come into view.
Blork the orc shouts!
The ball python hisses angrily.
Found a scroll labeled RULEIWN LIDDEI and 13 gold pieces.
Found a stone staircase leading up.
There is a stone staircase leading up here.
Blork the orc hits you with a +0 dire flail!
Ouch! That really hurt!
You die...

#.........
.........
.........
.........
##........
#.$...S...
#.....?...
#.@.......
#..o..s...
#.<.....w.
##........
##......#
#######


You could see Blork the orc, a worm, a giant cockroach and a ball python.

Vanquished Creatures
  Jessica (D:3)
  3 adders
  2 adder zombies (D:1)
  2 dart slugs
  An orc (D:3)
  A bat (D:1)
  A giant cockroach (D:1)
  2 goblins (D:1)
  4 hobgoblins
  A frilled lizard (D:3)
  A rat (D:3)
19 creatures vanquished.

Notes
Turn   | Place    | Note
-------+----------+-------------------------------------------
     0 | D:1      | Lavandula the Halfling Enchanter began the quest for the
                  | Orb.
     0 | D:1      | Reached XP level 1. HP: 11/11 MP: 3/3
    22 | D:1      | Reached skill level 2 in Short Blades
    22 | D:1      | Reached XP level 2. HP: 17/17 MP: 4/4
   118 | D:1      | Learned a level 2 spell: Ensorcelled Hibernation
   187 | D:1      | Reached skill level 3 in Short Blades
   322 | D:2      | Reached XP level 3. HP: 17/21 MP: 2/5
   446 | D:3      | Noticed Jessica
   453 | D:3      | Killed Jessica
   453 | D:3      | Reached skill level 4 in Short Blades
   453 | D:3      | Reached XP level 4. HP: 18/27 MP: 1/6
   568 | D:3      | Reached skill level 5 in Short Blades
   580 | D:4      | Noticed Blork the orc
   581 | D:4      | Slain by Blork the orc

Vault maps used:
D:1:      saegor_arrival_fortress, minmay_misc_feat_tiny, minmay_tetromino_i2
D:2:      lemuel_crystal_altar, first_ration, minmay_tall_x
D:3:      cheibrodos_old_hovel, uniq_jessica
D:4:      minmay_temple_entry_hall, minmay_manual_mares, uniq_blork_the_orc

Skill      XL: |  1  2  3  4 |
---------------+-------------+-----
Short Blades   | 2 3 4 5 |  5.0
Dodging        | |  2.1
Stealth        | |  3.2
Spellcasting   | |  1.5
Hexes          | |  2.4

Action                   |  1- 3 |  4- 6 || total
-------------------------+-------+-------++-------
Melee: Dagger            |    40 |    15 ||    55
 Cast: Ensorcelled Hiber |     6 |     1 ||     7
       Corona            |     4 |     1 ||     5
 Stab: Sleeping          |     7 |     2 ||     9
Armor: Robe              |     7 |     1 ||     8
Dodge: Dodged            |    23 |     3 ||    26

Table legend:
 A = Non-vault XP
 B = Vault XP
 C = Vault XP percentage of total XP
 D = Non-vault monster count
 E = Vault monster count
 F = Vault count percentage of total count
                 A         B        C        D         E       F
            +---------+---------+-------+---------+---------+-------
      Total |      57 |      61 |  51.7 |      15 |       4 |  21.1
            +---------+---------+-------+---------+---------+-------
        D:1 |      16 |      11 |  40.7 |       7 |       2 |  22.2
        D:2 |      22 |       0 |   0.0 |       4 |       0 |   0.0
        D:3 |      19 |      50 |  72.5 |       4 |       2 |  33.3
            +---------+---------+-------+---------+---------+-------
